 Dungeon Crawl Stone Soup version 0.30.1-11-g7821555f0a (webtiles) character file.

Game seed: 3756951218385933253

11 H0rd4k the Charlatan (level 2, 0/21 HPs)
             Began as a Human Artificer on Dec 19, 2023.
             Slain by a quokka (2 damage)
             ... on level 2 of the Dungeon.
             The game lasted 00:00:42 (345 turns).

H0rd4k the Charlatan (Human Artificer)               Turns: 345, Time: 00:00:42

Health: 0/21       AC:  3    Str: 12    XL:     2   Next: 40%
Magic:  3/3        EV: 11    Int: 11    God:
Gold:   60         SH:  0    Dex: 13    Spells: 2/2 levels left

rFire   . . .        f - +0 mace
rCold   . . .        (no shield)
rNeg    . . .        b - +0 leather armour
rPois   .            (no helmet)
rElec   .            (no cloak)
rCorr   .            (no gloves)
SInv    .            (no boots)
Will    .....        (no amulet)
Stlth   +            (no ring)
HPRegen 0.23/turn    (no ring)
MPRegen 0.08/turn

%: no passive effects
@: no status effects
A: no striking features
a: no special abilities


You were on level 2 of the Dungeon.
You visited 1 branch of the dungeon, and saw 2 of its levels.

You collected 60 gold pieces.

Inventory:

Hand Weapons
 f - a +0 mace (weapon)
Armour
 b - a +0 leather armour (worn)
Wands
 c - a wand of flame (15) (quivered)
 d - a wand of charming (15)
 e - a wand of iceblast (5)
Scrolls
 a - 2 scrolls of fear {unknown}
 g - a scroll of identify {unknown}
 i - 3 scrolls of summoning {unknown}
 j - a scroll of immolation {unknown}
Potions
 h - a potion of attraction {unknown}


   Skills:
 + Level 1.5 Fighting
 - Level 2.0 Armour
 + Level 1.4 Dodging
 - Level 1.0 Stealth
 + Level 0.7 Spellcasting
 - Level 3.0 Evocations


You had 2 spell levels left.
You didn't know any spells.
Your spell library contained the following spells:

 Spells                   Type           Power      Damage    Failure   Level
 Cigotuvi's Dreadful Rot  Necr/Pois/Air  0%         N/A       54%         2
 Ignite Poison            Fire/Tmut/Pois 0%         N/A       77%         3
 Freezing Cloud           Conj/Ice/Air   0%         6-21      100%        5


Dungeon Overview and Level Annotations

Branches:
Dungeon (2/15)

Altars:


Message History

The hobgoblin hits you. x2
You closely miss the hobgoblin.
The hobgoblin is almost dead.
The quokka twitches its whiskers.
The hobgoblin closely misses you. The quokka bites you.
You barely miss the hobgoblin.
The hobgoblin is almost dead.
The hobgoblin hits you. The quokka bites you. The hobgoblin closely misses you.
You are too injured to fight recklessly!
You are too injured to fight recklessly!
You are too injured to fight recklessly!
You are too injured to fight recklessly!
You are too injured to fight recklessly!
You are too injured to fight recklessly!
You are too injured to fight recklessly!
You are too injured to fight recklessly!
You are too injured to fight recklessly!
You are too injured to fight recklessly!
There are monsters nearby!
There are monsters nearby!
You closely miss the hobgoblin.
The hobgoblin is almost dead.
The quokka bites you.
The hobgoblin hits you but does no damage.
The quokka bites you but does no damage.
You hit the hobgoblin.
You kill the hobgoblin!
The quokka bites you but does no damage.
The quokka closely misses you.
You closely miss the quokka. The quokka bites you.
* * * LOW HITPOINT WARNING * * *
You hit the quokka.
The quokka is lightly wounded.
The quokka bites you but does no damage.
The quokka bites you.
* * * LOW HITPOINT WARNING * * *
You hit the quokka but do no damage.
The quokka is lightly wounded.
The quokka bites you.
You die...

##.#### #. .. ....# #.
#.# ##.## #.
##..############..#####.
...........##...........
....>...........#.#####.
.............##...###...
......r......###...##.##
......†@.....# ##..#..#.
......†...)..####....##.
...<....................
..............######.###
..............# ##(.##
...$.#.......## #....##
######(......# #.##...
#.......# #.. #### ...#


You could see a quokka.

Vanquished Creatures
  A goblin (D:2)
  4 hobgoblins
  2 ball pythons (D:2)
  A bat (D:2)
  2 kobolds (D:2)
10 creatures vanquished.

Notes
Turn   | Place    | Note
-------+----------+-------------------------------------------
     0 | D:1      | H0rd4k the Human Artificer began the quest for the Orb.
     0 | D:1      | Reached XP level 1. HP: 15/15 MP: 1/1
    58 | D:1      | You fall into a shaft and drop 1 floor!
   177 | D:2      | Reached XP level 2. HP: 21/21 MP: 2/2
   345 | D:2      | Slain by a quokka

Illustrated notes

Levels and vault maps discovered:
D:1:      amcnicky_arrival_underground_garden, layout_basic,
          basic_ecumenical_altar
D:2:      layout_rooms, kennysheep_generic_room_14

Action                     || total
---------------------------++-------
  Melee: Club              ||    19
         Mace              ||    21
   Stab: Sleeping          ||     1
 Armour: Leather armour    ||    10
  Dodge: Dodged            ||    25
